 Dungeon Crawl Stone Soup version 0.31.0-7-gf635a9b802 (webtiles) character file.

Game seed: 11976082828732950384

35 zenocrate the Sneak (level 3, -2/16 HPs)
             Began as a Vine Stalker Enchanter on Jan 23, 2024.
             Slain by a goblin
             ... wielding a +0 dagger
             ... led by Robin
              (5 damage)
             ... on level 2 of the Dungeon.
             The game lasted 00:01:06 (1359 turns).

zenocrate the Sneak (Vine Stalker Enchanter)        Turns: 1359, Time: 00:01:06

Health: -2/16      AC:  2    Str: 10    XL:     3   Next: 33%
Magic:  0/7        EV: 12    Int: 15    God:
Gold:   52         SH:  0    Dex: 16    Spells: 1/6 levels left

rFire   . . .        a - +1 dagger
rCold   . . .        (no shield)
rNeg    . . .        b - +0 robe
rPois   .            (no helmet)
rElec   .            (no cloak)
rCorr   .            (no gloves)
SInv    .            (no boots)
Will    .....        (no amulet)
Stlth   +++          (no ring)
HPRegen 1.02/turn    (no ring)
MPRegen 0.10/turn

%: guardian spirit
@: invisible
A: fangs 2, regeneration 1, magic shield, antimagic bite, no potion heal 2
a: no special abilities


You were on level 2 of the Dungeon.
You visited 1 branch of the dungeon, and saw 2 of its levels.

You collected 52 gold pieces.

Inventory:

Hand Weapons
 a - a +1 dagger (weapon)
Armour
 b - a +0 robe (worn)
Scrolls
 d - 3 scrolls of identify {unknown}
Potions
 c - a potion of invisibility
 e - a potion of might {unknown}


   Skills:
 + Level 1.3 Short Blades
 + Level 1.9 Dodging
 + Level 4.1 Stealth
 + Level 2.3 Spellcasting
 + Level 3.3 Hexes
 + Level 0.7 Ice Magic


You had one spell level left.
You knew the following spells:

 Your Spells              Type           Power      Damage    Failure   Level
a - Ensorcelled Hibernat  Hex/Ice        14%        N/A       14%         2
b - Confusing Touch       Hex            11%        N/A       16%         3

Your spell library contained the following spells:

 Spells                   Type           Power      Damage    Failure   Level
 Tukima's Dance           Hex            11%        N/A       16%         3
 Dazzling Flash           Conj/Hex       12%        N/A       32%         3


Dungeon Overview and Level Annotations

Branches:
Dungeon (2/15)

Altars:
Nemelex Xobeh

Shops:
D:2 :

Annotations:
D:2 Robin


Innate Abilities, Weirdness & Mutations

You have extremely sharp teeth.
Your natural rate of healing is unusually fast.
When hurt, damage is shared between your health and your magic reserves.
Your bite disrupts and absorbs the magic of your enemies.
Potions cannot restore your health.


Message History

You kill the goblin!
Unknown command.
You hit the goblin.
The goblin is heavily wounded.
The goblin misses you.
Robin says, "My goblins will feast on your bones."
Robin throws the goblin at you!
Unknown command.
You completely miss the goblin. Your punch misses the goblin.
Your bite misses the goblin. The goblin hits you with a +0 dagger.
The goblin misses you.
Unknown command.
Unknown command.
You closely miss the goblin. Your bite misses the goblin.
The goblin hits you with a +0 dagger. x2
Unknown command.
You hit the goblin.
The goblin is heavily wounded.
The goblin closely misses you. The goblin hits you but does no damage.
Unknown command.
Unknown command.
You barely miss the goblin. You bite the goblin.
You kill the goblin!
The goblin hits you with a +0 dagger.
* * * LOW HITPOINT WARNING * * *
Robin throws the goblin at you!
Unknown command.
Unknown command.
Unknown command.
You fade into invisibility!
The goblin barely misses you.
The goblin unwields a +0 sling.
The goblin wields a +0 club.
The goblin completely misses you.
Unknown command.
You hit the goblin but do no damage. Your bite misses the goblin.
The goblin barely misses you.
Unknown command.
You barely miss the goblin. The goblin hits you with a +0 club.
* * * LOW HITPOINT WARNING * * *
The goblin hits you with a +0 dagger.
You die...

#.....# ######## #.###.#
..#....# #.# #.# #.#....#
#.# #.# #.#....# ##.###.#
#.#....# #......#
#.#....####..#####
#g#.......#..#####
#@#.####.##......)
#g#.####.##..#####
#g#....#..........
#g####.#..........
########g...#.#..........
#.......)##.#.#..........
#........##.#.#..........
###........##.#.#....#####.
...........##....(...#...#.


You could see Robin (unable to see you), a hobgoblin (strong, unable to see you)
and 3 goblins.

Vanquished Creatures
  5 bats (D:1)
  3 endoplasms
  A giant cockroach (D:1)
  8 goblins
  4 hobgoblins
  2 ball pythons (D:1)
  A frilled lizard (D:1)
  4 kobolds
  2 rats (D:1)
30 creatures vanquished.

Notes
Turn   | Place    | Note
-------+----------+-------------------------------------------
     0 | D:1      | zenocrate the Vine Stalker Enchanter began the quest for
                  | the Orb.
     0 | D:1      | Reached XP level 1. HP: 9/9 MP: 4/4
   149 | D:1      | Reached skill level 1 in Short Blades
   287 | D:1      | Reached XP level 2. HP: 13/13 MP: 6/6
   317 | D:1      | Learned a level 2 spell: Ensorcelled Hibernation
   524 | D:1      | Reached skill level 4 in Stealth
  1098 | D:2      | Reached XP level 3. HP: 16/16 MP: 7/7
  1102 | D:2      | Learned a level 3 spell: Confusing Touch
  1172 | D:2      | Found Bin Vauw's Book Shoppe.
  1172 | D:2      | Noticed a walking frostbound tome
  1173 | D:2      | Noticed a walking frostbound tome
  1330 | D:2      | Found a sparkling altar of Nemelex Xobeh.
  1330 | D:2      | Noticed Robin
  1359 | D:2      | Slain by a goblin

Illustrated notes

Levels and vault maps discovered:
D:1:      eino_arrival_water_star, layout_basic
D:2:      layout_basic, serial_shops, nicolae_shop_mannequins, basic_altar,
          uniq_robin

Skill      XL: |  1  2 |
---------------+-------+-----
Short Blades   | 1 |  1.3
Stealth        | 4 |  4.1
Dodging        | |  1.9
Spellcasting   | |  2.3
Hexes          | |  3.3
Ice Magic      | |  0.7

Action                     || total
---------------------------++-------
  Melee: Dagger            ||    96
         Bite              ||    10
         Punch             ||     1
   Cast: Ensorcelled Hiber ||     5
    Use: Potion            ||     1
   Stab: Sleeping          ||     8
 Armour: Robe              ||    77
  Dodge: Dodged            ||    76
